 Dungeon Crawl Stone Soup version 0.18-a0-965-g9200175 (webtiles) character file.

226 dvd the Shield-Bearer (level 5, -5/49 HPs)
             Began as a Deep Dwarf Fighter on Jan 1, 2016.
             Slain by Terence
             ... wielding a +1 trident of distortion
              (21 damage)
             ... on level 3 of the Dungeon.
             The game lasted 00:06:03 (1584 turns).

dvd the Shield-Bearer (Deep Dwarf Fighter)          Turns: 1584, Time: 00:06:03

Health: -5/49      AC: 13    Str: 20    XL:     5   Next: 69%
Magic:  5/5        EV:  4    Int:  8    God:
Gold:   156        SH: 10    Dex: 13    Spells: 0 memorised, 4 levels left

rFire  . . .     SeeInvis .     a - +0 long sword
rCold  . . .     Gourm    .     p - +0 plate armour
rNeg   . . .     Faith    .     c - +0 shield
rPois  .         Spirit   .     s - +0 helmet
rElec  .         Dismiss  .     (no cloak)
rCorr  .         Reflect  .     (no gloves)
SustAt .         Harm     .     (no boots)
MR     .....                    (no amulet)
Stlth  ..........               (no ring)
                                (no ring)

@: non-regenerating, not resistant to hostile enchantments, extremely unstealthy
A: damage resistance, recharge devices, sense surroundings 1, slow regeneration
3
a: Device Recharging


You were on level 3 of the Dungeon.
You were not hungry.

You visited 1 branch of the dungeon, and saw 3 of its levels.
You visited the Abyss 1 time.

You collected 156 gold pieces.

Inventory:

Hand Weapons
 a - a +0 long sword (weapon)
 y - a +2 dagger of venom
Missiles
 g - 6 tomahawks (quivered)
Armour
 b - a +0 scale mail
 c - a +0 shield (worn)
 p - a +0 plate armour (worn)
 s - a +0 helmet (worn)
Jewellery
 m - an uncursed ring of ice
Wands
 e - a wand of heal wounds (2/9)
 l - a wand of slowing (11/48)
 A - a wand of slowing (21/48)
Scrolls
 i - a scroll of magic mapping
 o - a scroll of identify
Potions
 d - a potion of might
 h - a potion of magic {unknown}
 j - 2 potions of haste {unknown}
 n - 2 potions of degeneration {unknown}
 t - 2 potions of poison {unknown}
 u - a potion of curing {unknown}
 w - a potion of berserk rage {unknown}
 x - a potion of agility {unknown}
 z - a potion of lignification {unknown}
Comestibles
 f - 5 bread rations
 q - 5 fruits
 r - 3 chunks of flesh
 v - a slice of pizza


   Skills:
 + Level 3.4 Fighting
 + Level 3.0 Long Blades
 + Level 4.4 Armour
 + Level 1.8 Dodging
 + Level 0.3 Stealth
 + Level 4.6 Shields
 + Level 0.3 Evocations


You had 4 spell levels left.
You didn't know any spells.

Dungeon Overview and Level Annotations

Branches:
Dungeon (3/15)

Altars:

Annotations:
D:3 Terence


Innate Abilities, Weirdness & Mutations

You are resistant to damage.
You can recharge devices by infusing magical energy.
You passively map a small area around you.
You do not regenerate naturally.


Message History

Terence resists with significant effort.
This wand has 12 charges left.
You hit the hobgoblin.
The hobgoblin is lightly wounded.
You block the hobgoblin's attack.
Evoke which item? (* to show all) (? for menu, Esc to quit)
Zapping:
l - a wand of slowing (12/48)
Press: ? - help, Shift-Dir - straight line, f/p - Terence
Aim: Terence, wielding a trident of distortion and wearing a scale mail (lightly wounded, chance to defeat MR: 61%) Terence resists with significant effort.
This wand has 11 charges left.
The hobgoblin hits you but does no damage.
Terence shouts, "Now you die!" Terence hits you but does no damage.
Space bends around you. The hobgoblin hits you with a club.
You block Terence's attack.
You hit Terence.
Terence is heavily wounded.
The hobgoblin hits you with a club. Terence hits you but does no damage.
Space warps horribly around you!
You die...

#............. ,
,
*#.............
, *
..#.........####
, *............#
..##.....[..#
##....#.#####***
..####...### ,
#######[...#...#
#.@@..<.#.##.(.#
#g#####.#.@...)#
#.#* *#.####...#
#.., ,..# #...#
, ### *###
#...#,,, #...#
#...# #...#
#####


You could see Terence and a hobgoblin.

Vanquished Creatures
  A small abomination (D:2)
  Natasha (D:2)
  Robin (D:2)
  2 adders (D:2)
  4 worms
  2 giant geckos
  5 bats
  4 giant cockroaches
  17 goblins
  8 hobgoblins
  3 jackals (D:1)
  2 ball pythons
  6 giant newts
  5 kobolds (D:1)
  3 rats
64 creatures vanquished.

Notes
Turn   | Place    | Note
--------------------------------------------------------------
     0 | D:1      | dvd the Deep Dwarf Fighter began the quest for the Orb.
     0 | D:1      | Reached XP level 1. HP: 20/20 MP: 1/1
   118 | D:1      | Reached XP level 2. HP: 25/27 MP: 2/2
   554 | D:1      | Reached XP level 3. HP: 21/34 MP: 3/3
   687 | D:2      | Reached skill level 1 in Dodging
   844 | D:2      | Noticed Robin
   894 | D:2      | Reached XP level 4. HP: 40/42 MP: 4/4
   902 | D:2      | Killed Robin
  1120 | D:2      | Reached skill level 4 in Shields
  1195 | D:2      | Noticed Natasha
  1208 | D:2      | Killed Natasha
  1476 | D:3      | Noticed Terence
  1490 | D:3      | Cast into level 1 of the Abyss (Terence)
  1505 | Abyss:1  | Noticed a small abomination
  1534 | D:3      | Escaped the Abyss
  1550 | D:2      | Killed a small abomination
  1550 | D:2      | Reached XP level 5. HP: 22/49 MP: 5/5
  1584 | D:3      | Slain by Terence

Vault maps used:
D:1:      shiori_arrival_maze
D:2:      first_bread, minmay_misc_feat_doors, uniq_natasha, uniq_robin
D:3:      uniq_grinder, uniq_terence

Action                   |  1- 3 |  4- 6 || total
-------------------------+-------+-------++-------
Melee: Long sword        |   155 |    74 ||   229
Evoke: Wand              |     1 |     5 ||     6
  Use: Scroll            |       |     3 ||     3
  Eat: Chunk             |       |     3 ||     3
